 Dungeon Crawl Stone Soup version 0.29-a0-284-gf9362112df (webtiles) character file.

Game seed: 12832185705591774145

11 sokol815 the Sneak (level 2, -5/24 HPs)
             Began as a Demonspawn Delver on Mar 25, 2022.
             Slain by a river rat (6 damage)
             ... in a sewer.
             The game lasted 00:01:36 (587 turns).

sokol815 the Sneak (Demonspawn Delver)               Turns: 587, Time: 00:01:36

Health: -5/24      AC:  3    Str: 12    XL:     2   Next: 13%
Magic:  2/2        EV: 11    Int: 11    God:
Gold:   38         SH:  4    Dex: 14    Spells: 1/1 levels left

rFire   . . .      SeeInvis .   a - +0 mace
rCold   . . .      Faith    .   (no shield)
rNeg    . . .      Spirit   .   b - +0 leather armour
rPois   .          Reflect  .   (no helmet)
rElec   .          Harm     .   (no cloak)
rCorr   .          Rampage  .   (no gloves)
Will    .....                   (no boots)
Stlth   ++........              (no amulet)
HPRegen 0.08/turn               Z - ring of wizardry {Wiz+, !d}
MPRegen 0.08/turn               (no ring)

@: hasted, very quick
A: condensation shield
a: no special abilities


You were in a sewer.
You visited 1 branch of the dungeon, and saw 3 of its levels.
You also visited: Sewer.

You collected 38 gold pieces.

Inventory:

Hand Weapons
 a - a +0 mace (weapon)
Armour
 b - a +0 leather armour (worn)
Jewellery
 Z - a ring of wizardry (left hand) {Wiz+, !d}
   (You found it on level 5 of the Dungeon)
Wands
 d - a wand of digging (3)
Scrolls
 c - a scroll of fog
 E - a scroll of fear


   Skills:
 - Level 3.0 Fighting
 + Level 2.6 Maces & Flails
 - Level 1.7 Dodging
 - Level 4.5 Stealth


You had one spell level left.
You didn't know any spells.
Your spell library was empty.

Dungeon Overview and Level Annotations

Branches:
Dungeon (5/15)              Sewer (1/1)
 Temple: D:4-7

Altars:

Annotations:
D:3 Ijyb
D:4 Eustachio
D:5 exclusions: scorpion, sky beast and upstairs


Innate Abilities, Weirdness & Mutations

A meltable shield of frost defends you. (SH +4)


Message History

You barely miss the quokka.
The quokka bites you but does no damage.
You barely miss the quokka. The quokka barely misses you.
The quokka closely misses you.
You hit the quokka.
You kill the quokka!
You have reached level 2!
Your demonic ancestry asserts itself...
Frost condenses into a shield before you.
You regained 3 hp, and now have 12/24 hp.
MP restored: 2 You start resting.
Health restored: 24
Found a stone staircase leading up.
(D) Dungeon
Where to? (Enter - D:4, ? - help)
There is a stone staircase leading up here.
You climb upwards.
You hear the sound of rushing water.
There is an entrance to a sewer on this level.
Hurry and find it before the portal rusts away!
There is a stone staircase leading down here.
Really read
X - a scroll of magic mapping {@r4!r}?
As you read the scroll of magic mapping {@r4!r}, it crumbles to dust.
You feel aware of your surroundings.
You sensed 1 altar, and 1 shop/portal.
A dart slug comes into view.
The dart slug launches a dart at you. The slug dart misses you.
You see here a +0 leather armour.
Found a glowing drain.
A ball python, a bat and a gnoll come into view.
The ball python hisses angrily.
You hear a shout!
A gnoll comes into view. It is wielding a +0 whip.
You see here 8 stones.
You barely miss the bat. The bat barely misses you.
The gnoll shouts!
You hit the bat.
You kill the bat!
A gnoll comes into view. It is wielding a +0 spear.
A gnoll comes into view. It is wielding a +0 whip.
The gnoll shouts!
The ball python misses you. The ball python grabs you.
The ball python constricts you.
You escape the ball python's grasp.
You see here 8 stones.
You hit the ball python.
You kill the ball python!
No target in view!
No target in view!
Ijyb the Twisted Goblin comes into view.
She is wielding a +0 dagger and carrying a wand of acid (3).
You enter the shallow water.
Moving in this stuff is going to be slow.
There is a glowing drain here.
The world spins around you as you enter the gateway.
You enter a sewer!
Found a gate leading back out of this place.
There is an empty arch of ancient stone here. 2 rats come into view.
You enter the shallow water.
Moving in this stuff is going to be slow.
The rat barely misses you.
You hit the river rat. The river rat misses you.
You hit the river rat but do no damage. The river rat bites you.
You block the river rat's attack. The river rat closely misses you.
You take 5 damage, and have 19/24 hp.
MASSIVE DAMAGE!!
The river rat attacks as you move away! The river rat bites you.
The river rat bites you but does no damage.
You take 3 damage, and have 16/24 hp.
The river rat attacks as you move away! The river rat bites you.
The rat attacks as you move away! You block the rat's attack.
The river rat closely misses you.
You take 1 damage, and have 15/24 hp.
You hit the river rat. The river rat barely misses you.
You closely miss the river rat. The river rat barely misses you.
The rat splashes around in the water.
You block the river rat's attack. x2
You closely miss the river rat. The rat closely misses you.
The river rat barely misses you. You block the river rat's attack.
You hit the river rat but do no damage.
The rat splashes around in the water. x2
The river rat barely misses you. The river rat bites you.
The rat barely misses you.
You take 5 damage, and have 11/24 hp.
MASSIVE DAMAGE!!
The river rat attacks as you move away! The river rat bites you.
* * * LOW HITPOINT WARNING * * *
The river rat misses you.
You take 4 damage, and have 7/24 hp.
You are too injured to fight recklessly!
You are too injured to fight recklessly!
You hit the river rat but do no damage. The river rat barely misses you.
You hit the river rat but do no damage. The river rat bites you.
* * * LOW HITPOINT WARNING * * *
The river rat barely misses you.
You take 6 damage, and have 1/24 hp.
MASSIVE DAMAGE!!
You feel yourself speed up. You block the rat's attack.
The river rat closely misses you. x2
You barely miss the river rat. The rat closely misses you.
You barely miss the river rat. The river rat bites you.
You die...

#. ##≈ #.≈≈ #≈..
. #.≈.# ≈r
#..≈### #.≈.
#≈..≈≈#####≈.≈≈.
#.≈rrr∩≈≈≈.≈#
###rr@∩≈≈≈##
#########


You could see 2 river rats and 3 rats.

Vanquished Creatures
  An ufetubus (D:4)
  A ball python (D:3)
  A goblin (D:4)
  A quokka (D:4)
  A bat (D:3)
  A kobold (D:4)
6 creatures vanquished.

Notes
Turn   | Place    | Note
-------+----------+-------------------------------------------
     0 | D:5      | sokol815 the Demonspawn Delver began the quest for the Orb.
     0 | D:5      | Reached XP level 1. HP: 18/18 MP: 1/1
    15 | D:4      | Noticed Eustachio
    81 | D:5      | Noticed a sky beast
   172 | D:5      | Noticed a scorpion
   219 | D:4      | Reached skill level 2 in Maces & Flails
   372 | D:4      | Gained mutation: A meltable shield of frost defends you.
                  | (SH +4) [demonic ancestry]
   372 | D:4      | Reached XP level 2. HP: 12/24 MP: 2/2
   544 | D:3      | Found a glowing drain.
   556 | D:3      | Noticed Ijyb
   569 | Sewer    | Entered a sewer
   584 | Sewer    | HP: 1/24 [river rat (6)]
   587 | Sewer    | Slain by a river rat

Illustrated notes

Levels and vault maps discovered:
D:3:      layout_rooms, mainiacjoe_overflow_alcove_2,
          cheibrodos_sewer_entry_sluice, serial_park_tiny_2,
          minmay_misc_feat_tower, grunt_ministairs_11,
          kennysheep_generic_room_9, uniq_sigmund, uniq_ijyb
D:4:      layout_loops_corners, vehumet_crystals, solitary_fountain,
          kennysheep_generic_room_5, uniq_grinder, uniq_blork_the_orc,
          uniq_eustachio
D:5:      layout_loops_ring, nzn_hepliaklqana_mist_gate, temple_green
Sewer:    sewer_hellmonk_bad_rat

Skill      XL: |  1 |
---------------+----+-----
Maces & Flails | 2 |  2.6
Fighting       | |  3.0
Dodging        | |  1.7
Stealth        | |  4.5

Action                   || total
-------------------------++-------
Melee: Mace              ||    29
  Use: Scroll            ||     1
       Potion            ||     1
Armor: Leather armour    ||     7
Dodge: Dodged            ||    40
Block: Other             ||     6

Table legend: (Time is in decaauts)
 A = Elapsed time spent in this place.
 B = Non-inter-level travel time spent in this place.
 C = Inter-level travel time spent in this place.
 D = Time resting spent in this place.
 E = Time spent auto-exploring this place.
 F = Levels seen in this place.
 G = Mean time per level.
                   A        B        C        D        E       F      G
               +--------+--------+--------+--------+--------+-----+--------+
         Total |    598 |    585 |     13 |    253 |    203 |   4 |  149.5 |
       Dungeon |    576 |    563 |     13 |    253 |    203 |   3 |  192.0 |
         Sewer |     21 |     21 |      0 |      0 |      0 |   1 |   21.0 |
               +--------+--------+--------+--------+--------+-----+--------+

Top non-repeatable levels by time:
     D:5: 306 daAuts
     D:4: 224 daAuts
     D:3: 45 daAuts
   Sewer: 21 daAuts

Table legend:
 A = Kills in this place as a percentage of kills in entire the game.
 B = Kills by you in this place as a percentage of kills by you in the entire game.
 C = Kills by friends in this place as a percentage of kills by friends in the entire game.
 D = Other kills in this place as a percentage of other kills in the entire game.
 E = Experience gained in this place as a percentage of experience gained in the entire game.
 F = Experience gained in this place divided by the number of levels of this place that you have seen.
                   A       B       C       D       E      F
               +-------+-------+-------+-------+-------+----------------------
         Total | 100.0 | 100.0 |   N/A |   N/A | 100.0 |   4.0
       Dungeon | 100.0 | 100.0 |   N/A |   N/A | 100.0 |   5.3
               +-------+-------+-------+-------+-------+----------------------
